 Dungeon Crawl Stone Soup version 0.28.0-47-ge53b351184 (webtiles) character file.

Game seed: 15841941681859621013

1948 hawla the Digger (level 8, -12/32 HPs)
             Began as a Felid Earth Elementalist on May 9, 2022.
             Was a Follower of Vehumet.
             Shot with an arrow by a centaur warrior (19 damage)
             ... on level 8 of the Dungeon.
             The game lasted 00:41:37 (11833 turns).

hawla the Digger (Felid Earth Elementalist)        Turns: 11833, Time: 00:41:38

Health: -12/32     AC:  2    Str:  6    XL:     8   Next: 98%
Magic:  13/17      EV: 22    Int: 14    God:    Vehumet [*.....]
Gold:   394        SH:  0    Dex: 23    Spells: 8/17 levels left
                                        Lives:  0   Deaths: 2

rFire   . . .      SeeInvis +     - Unarmed
rCold   . . .      Faith    .   (shield unavailable)
rNeg    . . .      Spirit   .   (armour unavailable)
rPois   .          Reflect  .   (helmet unavailable)
rElec   .          Harm     .   (cloak unavailable)
rCorr   .          Rampage  .   (gloves unavailable)
Will    ++...                   (boots unavailable)
Stlth   +++.......              (no amulet)
HPRegen 0.10/turn               o - +6 ring of dexterity
MPRegen 0.15/turn               v - ring of wizardry

@: quick
A: very small, claws 1, fangs 3, see invisible, speed 1, shaggy fur 2, stealthy
paws, no weapons or thrown items, no armour, multi-lived, dopey 2, strong-willed
1, strong 1
a: Renounce Religion


You were on level 8 of the Dungeon.
You worshipped Vehumet.
Vehumet was aware of your devotion.
You visited 2 branches of the dungeon, and saw 9 of its levels.
You also visited: Sewer.

You collected 429 gold pieces.
You spent 35 gold pieces at shops.

Inventory:

Missiles
 m - 41 stones
Jewellery
 h - an amulet of reflection
 o - a +6 ring of dexterity (left paw)
 v - a ring of wizardry (right paw)
Wands
 a - a wand of iceblast (14)
 w - a wand of flame (1)
Scrolls
 d - 7 scrolls of teleportation
 f - a scroll of silence
 i - a scroll of enchant armour {unknown}
 j - 3 scrolls of fog {unknown}
 n - 3 scrolls of enchant weapon {unknown}
 q - 3 scrolls of immolation {unknown}
 r - a scroll of brand weapon
 s - 3 scrolls of amnesia {unknown}
 t - a scroll of blinking
 u - a scroll of fear
Potions
 b - a potion of cancellation
 c - 3 potions of attraction
 g - a potion of invisibility
 k - 7 potions of curing
 l - a potion of brilliance
 p - a potion of flight
 z - a potion of lignification


   Skills:
 + Level 1.2 Fighting
 + Level 5.9 Dodging
 + Level 3.8 Stealth
 + Level 3.5 Unarmed Combat
 + Level 5.3 Spellcasting
 + Level 4.9 Conjurations
 + Level 2.6 Translocations
 + Level 2.1 Transmutations
 + Level 7.7 Earth Magic
 + Level 1.2 Poison Magic
 + Level 1.2 Evocations


You had 8 spell levels left.
You knew the following spells:

 Your Spells              Type           Power      Damage    Failure   Level
a - Sandblast             Erth           50%        2d12      1%          1
b - Stone Arrow           Conj/Erth      42%        3d9       1%          3
c - Blink                 Tloc           22%        N/A       3%          2
d - Spider Form           Tmut/Pois      8%         N/A       11%         3

Your spell library contained the following spells:

 Spells                   Type           Power      Damage    Failure   Level
 Freeze                   Ice            12%        1d4       7%          1
 Passwall                 Tmut/Erth      14%        N/A       1%          2
 Apportation              Tloc           22%        N/A       2%          1
 Foxfire                  Conj/Fire      40%        2x1d6     2%          1
 Lesser Beckoning         Tloc           11%        N/A       7%          3
 Conjure Flame            Conj/Fire      10%        6-21      8%          3
 Petrify                  Tmut/Erth      17%        N/A       9%          4
 Ensorcelled Hibernation  Hex/Ice        6%         N/A       11%         2
 Inner Flame              Hex/Fire       3%         N/A       21%         3
 Flame Wave               Conj/Fire      10%        2d5       24%         4
 Anguish                  Hex/Necr       1%         N/A       52%         4
 Manifold Assault         Tloc           11%        N/A       52%         5
 Alistair's Intoxication  Tmut/Pois      5%         N/A       65%         5


Dungeon Overview and Level Annotations

Branches:
Dungeon (8/15)             Temple (1/1) D:5           Sewer (visited)
   Lair: D:8-11

Altars:
Ashenzari
Cheibriados
Dithmenos
Fedhas
Gozag
Hepliaklqana
Kikubaaqudgha
Makhleb
Nemelex Xobeh
Okawaru
Qazlal
Sif Muna
Trog
Uskayaw
Vehumet
Wu Jian
Xom
Yredelemnul
Zin
The Shining One

Shops:
D:3 (   D:6 (


Innate Abilities, Weirdness & Mutations

You have sharp claws.
You have razor-sharp teeth.
You have supernaturally acute eyesight. (SInv)
You cover ground quickly. (Speed+)
You are covered in thick fur. (AC +2)
Your paws help you pounce on unaware monsters.
You are incapable of wielding weapons or throwing items.
You cannot wear armour.
You gain extra lives every three experience levels.
You are very dopey. (Int -4)
You are strong-willed. (Will+)
Your muscles are strong. (Str +2)


Message History

A centaur warrior, a two-headed ogre and a wight come into view.
Found a book of Cantrips.
Casting: Stone Arrow (safe; 1% risk of failure)
Confirm with . or Enter, or press ? or * to list all spells.
Aiming: Stone Arrow (safe; 1% risk of failure)
Press: ? - help, Shift-Dir - straight line, f - wight
Aim: a wight, wielding a +3 war axe and wearing a +0 robe (71% to hit)
The stone arrow hits the wight!
The wight is heavily damaged.
The two-headed ogre shouts in stereo!
The centaur warrior shouts!
You hear a croak.
Casting: Stone Arrow (safe; 1% risk of failure)
Confirm with . or Enter, or press ? or * to list all spells.
Aiming: Stone Arrow (safe; 1% risk of failure)
Press: ? - help, Shift-Dir - straight line, f/p - wight
Aim: a wight, wielding a +3 war axe and wearing a +0 robe (heavily damaged, 71% to hit)
The stone arrow hits the wight!!
You destroy the wight!
Vehumet accepts your kill.
You hear two shouts!
A bullfrog comes into view.
A wight comes into view. It is wielding a +2 mace.
Press: ? - help, v - describe, . - travel, g - get item Item here: a book of Cantrips.
The floor.
The centaur warrior wields a +0 longbow.
The centaur warrior shoots an arrow.
The arrow hits you!
Things that are here:
a +0 robe; a +0 dagger; an orc skeleton
Items here: )) [ †.
Things that are here:
a +0 dagger; a +0 robe; an orc corpse The centaur warrior shoots an arrow.
The arrow hits you!
Ouch! That really hurt!
* * * LOW HITPOINT WARNING * * *
You hear a croak.
There is a stone staircase leading up, spattered with blood here.
The centaur warrior shoots an arrow.
The arrow hits you!!
Ouch! That really hurt!
You die...

#..###.##.##......
##.###.c.....#####
#.O.....#####
#.c###### #..#
#..## #...#
#.#c######
#...[)).@#
#..#>##### #..#.#
#..#.# #..#.#
#..... #....#
##..##


You could see a centaur warrior.

Vanquished Creatures
  Pikel (D:6)
  Grinder (D:5)
  2 water moccasins
  An orc warrior (D:7)
  An ice beast (D:6)
  4 necrophages
  An ogre (D:4)
  A lemure (D:6)
  A centaur (D:5)
  A bullfrog (D:7)
  4 scorpions
  4 killer bees
  A wight (D:8)
  A centaur zombie (D:7)
  A bullfrog skeleton (D:6)
  4 hounds
  A centaur skeleton (D:3)
  2 gnoll shamans
  3 iguanas
  3 iron imps (D:7)
  4 orc wizards
  A hound zombie (D:5)
  Robin (D:2)
  9 gnolls
  6 adders
  2 river rats (Sewer)
  A shadow imp (D:6)
  An ufetubus (D:7)
  2 worms
  2 dart slugs
  11 orcs
  5 bats
  8 endoplasms
  9 giant cockroaches
  13 goblins
  11 hobgoblins
  2 jackals (D:1)
  9 kobolds
  10 quokkas
  10 ball pythons
  9 frilled lizards
  26 rats
190 creatures vanquished.

Notes
Turn   | Place    | Note
-------+----------+-------------------------------------------
     0 | D:1      | hawla the Felid Earth Elementalist began the quest for the
                  | Orb.
     0 | D:1      | Reached XP level 1. HP: 7/7 MP: 4/4
    98 | D:1      | Reached skill level 3 in Earth Magic
   108 | D:1      | Reached XP level 2. HP: 11/11 MP: 3/6
   819 | D:1      | Reached XP level 3. HP: 14/14 MP: 1/7
  1232 | D:2      | Learned a level 3 spell: Stone Arrow
  1344 | D:2      | Found a faded altar of an unknown god.
  1699 | D:2      | Noticed Robin
  1732 | D:2      | Killed Robin
  1733 | D:2      | Reached XP level 4. HP: 15/18 MP: 2/9
  2734 | D:3      | You fall into a shaft and drop 3 floors!
  2739 | D:6      | Found Vyamiwk's Antique Weapon Boutique.
  2771 | D:6      | Reached skill level 1 in Conjurations
  2771 | D:6      | Reached skill level 4 in Earth Magic
  3002 | D:5      | Entered Level 5 of the Dungeon
  3022 | D:5      | Reached XP level 5. HP: 21/21 MP: 3/10
  3162 | D:5      | Noticed Grinder
  3440 | D:4      | Found a glowing drain.
  3541 | Sewer    | Entered a sewer
  3550 | Sewer    | Reached skill level 5 in Earth Magic
  3552 | Sewer    | Gained mutation: You are covered in thick fur. (AC +2)
                  | [Felid growth]
  3552 | Sewer    | Reached XP level 6. HP: 24/24 MP: 6/11
  4715 | D:3      | Found Cuschuo's Weapon Emporium.
  4718 | D:3      | Bought 24 stones for 28 gold pieces
  4718 | D:3      | Bought 6 stones for 7 gold pieces
  4781 | D:3      | Reached skill level 1 in Unarmed Combat
  4996 | D:3      | Learned a level 2 spell: Blink
  5271 | D:3      | Found an ancient bone altar of Kikubaaqudgha.
  5271 | D:3      | Found a broken altar of Ashenzari.
  5667 | D:4      | Found a hazy altar of Hepliaklqana.
  5803 | D:4      | Reached XP level 7. HP: 28/28 MP: 3/12
  6273 | D:4      | Reached skill level 1 in Translocations
  6575 | D:4      | Reached skill level 6 in Earth Magic
  6697 | D:4      | HP: 1/28 [black bear (3)]
  6697 | D:4      | Slain by a black bear
  6698 | D:4      | Reached XP level 6. HP: -2/25 MP: 2/11
  6721 | D:4      | Found a bloodstained altar of Trog.
  6728 | D:4      | Found a stormy altar of Qazlal.
  7160 | D:5      | Found a staircase to the Ecumenical Temple.
  7171 | Temple   | Entered the Ecumenical Temple
  7386 | Temple   | Became a worshipper of Vehumet
  7485 | D:5      | Found a glowing silver altar of Zin.
  7887 | D:5      | Reached XP level 7. HP: 24/28 MP: 1/12
  8423 | D:5      | Killed Grinder
  8916 | D:6      | Reached XP level 8. HP: 25/31 MP: 0/15
  9046 | D:6      | Noticed Pikel
  9116 | D:5      | Reached skill level 1 in Fighting
  9116 | D:5      | Reached skill level 7 in Earth Magic
  9409 | D:6      | Killed from afar by Pikel
  9410 | D:6      | Reached XP level 7. HP: -14/28 MP: 1/14
  9551 | D:6      | Killed Pikel
  9552 | D:6      | Reached skill level 5 in Dodging
  9552 | D:6      | Reached skill level 5 in Spellcasting
  9552 | D:6      | Reached skill level 1 in Evocations
  9552 | D:6      | Reached XP level 8. HP: 23/32 MP: 0/16
 10032 | D:6      | Learned a level 3 spell: Spider Form
 10505 | D:7      | Reached * piety under Vehumet
 10505 | D:7      | Offered knowledge of Freeze by Vehumet.
 11014 | D:7      | Found a burning altar of Makhleb.
 11032 | D:7      | Reached skill level 1 in Poison Magic
 11539 | D:8      | Gained mutation: You are dopey. (Int -2) [potion of
                  | mutation]
 11539 | D:8      | Gained mutation: You are very dopey. (Int -4) [potion of
                  | mutation]
 11539 | D:8      | Gained mutation: You are strong-willed. (Will+) [potion of
                  | mutation]
 11539 | D:8      | Gained mutation: Your muscles are strong. (Str +2) [potion
                  | of mutation]
 11810 | D:8      | Noticed a centaur warrior
 11810 | D:8      | Noticed a two-headed ogre
 11833 | D:8      | Shot with an arrow by a centaur warrior

Illustrated notes

Levels and vault maps discovered:
D:1:      giann_bridges, layout_basic, minmay_tall_x
D:2:      layout_basic, ebering_ecumenical_altar_hall, uniq_robin
D:3:      layout_basic, gammafunk_temple_overflow_elements, serial_shops,
          nicolae_shop_behind_doors
D:4:      layout_loops_corners, mainiacjoe_overflow_big_doors,
          amcnicky_altar_gilded, gup_sewer_entry_pipe, minmay_rat_hole
D:5:      layout_layer_cave, zin_treasury, minmay_temple_entry_slanted,
          minmay_crystal_room, uniq_grinder
D:6:      layout_loops_ring, serial_shops, shop, uniq_pikel
D:7:      corexii_shack_village, layout_basic, demons_altar,
          hangedman_decor_push, eino_tiny_chamber, kennysheep_potato
D:8:      minmay_cut_squares, layout_basic, general_overflow_altar
Temple:   nicolae_temple_figure_eight

Skill      XL: |  1  2  3  4  5  6  7  8 |
---------------+-------------------------+-----
Earth Magic    | 3 4 5 6 7 |  7.7
Dodging        | 3 5 |  5.9
Conjurations   | 1 2 3 4 |  4.9
Unarmed Combat | 1 2 3 |  3.5
Translocations | 2 |  2.6
Spellcasting   | 3 5 |  5.3
Stealth        | 3 |  3.8
Fighting       | 1 |  1.2
Evocations     | 1 |  1.2
Transmutations | 2 |  2.1
Poison Magic   | 1 |  1.2

Action                   |  1- 3 |  4- 6 |  7- 9 || total
-------------------------+-------+-------+-------++-------
Melee: Unarmed           |    18 |    78 |    31 ||   127
       Bite              |     2 |     5 |       ||     7
       Punch             |       |     1 |       ||     1
 Cast: Sandblast         |    47 |    38 |    26 ||   111
       Stone Arrow       |     5 |    73 |    92 ||   170
       Blink             |       |     1 |     2 ||     3
       Spider Form       |       |       |     1 ||     1
Evoke: Wand              |       |       |     6 ||     6
  Use: Scroll            |       |     9 |     4 ||    13
       Potion            |       |     1 |     9 ||    10
 Stab: Sleeping          |     3 |     4 |       ||     7
Armor: Skin              |     3 |     8 |    41 ||    52
Dodge: Dodged            |    35 |    70 |    93 ||   198
